 Dungeon Crawl Stone Soup version 0.21-a0-509-gecc5317 (webtiles) character file.

102 BingusPrime the Insei (level 4, -1/28 HPs)
             Began as an Octopode Transmuter on Nov 29, 2017.
             Slain by BingusPrime's ghost (7 damage)
             ... on level 3 of the Dungeon.
             The game lasted 00:11:37 (2691 turns).

BingusPrime the Insei (Octopode Transmuter)         Turns: 2691, Time: 00:11:37

Health: -1/28      AC:  1    Str:  9    XL:     4   Next: 77%
Magic:  3/8        EV: 13    Int: 15    God:
Gold:   86         SH:  0    Dex: 13    Spells: 2/8 levels left

rFire    . . .     SeeInvis .     - Unarmed
rCold    . . .     Gourm    .   (no shield)
rNeg     . . .     Faith    .   (helmet restricted)
rPois    .         Spirit   .   (no amulet)
rElec    .         Reflect  .   m - ring of stealth
rCorr    .         Harm     .   (no ring)
MR       .....                  (no ring)
Stlth    +++.......             (no ring)
HPRegen  0.09/turn              (no ring)
MPRegen  0.11/turn              (no ring)
                                (no ring)
                                (no ring)

@: no status effects
A: almost no armour, stealthy swim, amphibious, 8 rings, constrict 8, camouflage
1, gelatinous body 1
a: no special abilities


You were on level 3 of the Dungeon.
You were not hungry.

You visited 1 branch of the dungeon, and saw 3 of its levels.

You collected 86 gold pieces.

Inventory:

Missiles
 a - 10 arrows
Jewellery
 m - a ring of stealth (left tentacle)
Scrolls
 i - a scroll of magic mapping {unknown}
 j - 2 scrolls of remove curse
 k - a scroll of amnesia
 n - a scroll of teleportation {unknown}
Potions
 e - a potion of cancellation {unknown}
 f - 2 potions of brilliance {unknown}
 g - 2 potions of curing {unknown}
 h - a potion of flight {unknown}
 l - a potion of degeneration {unknown}
Books
 b - a book of Changes

   Spells                             Type                      Level
   a - Beastly Appendage              Transmutation                1
   b - Sticks to Snakes               Transmutation                2
   c - Spider Form                    Transmutation/Poison         3
   d - Ice Form                       Ice/Transmutation            4
   e - Blade Hands                    Transmutation                5
Comestibles
 c - 2 bread rations
 d - 2 meat rations
 o - 3 chunks of flesh


   Skills:
 - Level 1.0 Fighting
 - Level 2.0 Dodging
 * Level 4.2 Unarmed Combat
 * Level 2.7 Spellcasting
 * Level 3.0 Transmutations
 + Level 0.1 Poison Magic


You had 2 spell levels left.
You knew the following spells:

 Your Spells              Type           Power        Failure   Level  Hunger
a - Beastly Appendage     Tmut           ##....       6%          1    #......
b - Spider Form           Tmut/Pois      #.........   32%         3    ###....
c - Sticks to Snakes      Tmut           ##......     9%          2    ##.....


Dungeon Overview and Level Annotations

Branches:
Dungeon (3/15)

Altars:
Dithmenos
Elyvilon
Nemelex Xobeh
Ru

Annotations:
D:3 BingusPrime's ghost, amateur OpTm; Robin


Innate Abilities, Weirdness & Mutations

You cannot wear most types of armour.
You are very stealthy in the water. (Stealth+)
You are amphibious.
You can wear up to eight rings at the same time.
You can use your tentacles to constrict eight enemies at once.
Your skin changes colour to match your surroundings (Stealth+).
Your rubbery body absorbs attacks. (AC +1, EV +1)


Message History

BingusPrime's ghost misses you.
You hit BingusPrime's ghost.
BingusPrime's ghost is moderately damaged.
Your adder misses BingusPrime's ghost. BingusPrime's ghost hits you.
You hit BingusPrime's ghost but do no damage.
BingusPrime's ghost is moderately damaged.
Your adder bites BingusPrime's ghost but does no damage.
You hit BingusPrime's ghost.
BingusPrime's ghost is heavily damaged.
Your transformation has ended.
BingusPrime's ghost swings its fists at you.
BingusPrime's ghost hits you!
* * * LOW HITPOINT WARNING * * *
Your adder bites BingusPrime's ghost but does no damage.
Your adder bites BingusPrime's ghost.
Your adder bites BingusPrime's ghost but does no damage.
You closely miss BingusPrime's ghost.
BingusPrime's ghost is heavily damaged.
BingusPrime's ghost hits you!
You die...

##################
#........#.......#
#.######.#.....†.# #.#
####.#.......#
#.###............#
#S.##.##.#.......#
#.W@.....#..†)...#
...........###.......#
.##.#...#.## ####.####
#.##.#### ####.#### #
#.# #.......# #.#
#.......# #+#
#.......## #........#
#.......##


You could see BingusPrime's ghost and a friendly adder.

Vanquished Creatures
  2 adders (D:2)
  An ooze (D:1)
  4 worms
  A dart slug (D:2)
  A leopard gecko (D:1)
  4 giant cockroaches
  10 goblins
  10 hobgoblins
  2 jackals (D:1)
  A quokka (D:2)
  8 bats
  3 frilled lizards
  7 kobolds
  11 rats
65 creatures vanquished.

Vanquished Creatures (collateral kills)
  A rat (D:2)
1 creature vanquished.

Grand Total: 66 creatures vanquished

Notes
Turn   | Place    | Note
-------+----------+-------------------------------------------
     0 | D:1      | BingusPrime the Octopode Transmuter began the quest for the Orb.
     0 | D:1      | Reached XP level 1. HP: 13/13 MP: 3/3
   426 | D:1      | Reached XP level 2. HP: 15/18 MP: 3/5
  1117 | D:1      | Reached XP level 3. HP: 21/23 MP: 6/6
  1122 | D:1      | Learned a level 3 spell: Spider Form
  1125 | D:1      | Learned a level 2 spell: Sticks to Snakes
  1339 | D:2      | Found a white marble altar of Elyvilon.
  1459 | D:2      | Found a faded altar of an unknown god.
  1507 | D:2      | Found a shadowy altar of Dithmenos.
  1576 | D:2      | Found a sacrificial altar of Ru.
  1642 | D:2      | Reached skill level 4 in Unarmed Combat
  1889 | D:2      | Found a sparkling altar of Nemelex Xobeh.
  1961 | D:2      | Reached XP level 4. HP: 28/28 MP: 5/7
  2534 | D:3      | Noticed Robin
  2677 | D:3      | Noticed BingusPrime's ghost (amateur OpTm)
  2691 | D:3      | Slain by BingusPrime's ghost

Vault maps used:
D:1:      matt_arrival_grand_opening
D:2:      nicolae_overflow_crystal_walls, nicolae_overflow_hidden_temple,
          chequers_ecumenical_altar_simple
D:3:      gammafunk_temple_overflow_wave, lemuel_round_altar,
          nrook_mini_backslash, uniq_robin

Skill      XL: |  1  2  3  4 |
---------------+-------------+-----
Unarmed Combat | 4 |  4.2
Transmutations | 3 |  3.0
Fighting       | |  1.0
Dodging        | |  2.0
Spellcasting   | |  2.7
Poison Magic   | |  0.1

Action                   |  1- 3 |  4- 6 || total
-------------------------+-------+-------++-------
Melee: Unarmed           |    87 |    62 ||   149
       Constrict         |    19 |     2 ||    21
       Kick              |     8 |     2 ||    10
       Tentacles         |    13 |       ||    13
 Cast: Beastly Appendage |    20 |     2 ||    22
       Spider Form       |     7 |     8 ||    15
       Sticks to Snakes  |     1 |     1 ||     2
  Use: Scroll            |     3 |       ||     3
 Stab: Sleeping          |     7 |     2 ||     9
  Eat: Chunk             |     5 |     3 ||     8
Armor: Skin              |     7 |     4 ||    11
Dodge: Dodged            |    48 |    46 ||    94

Table legend:
 A = Spawn XP
 B = Non-spawn XP
 C = Spawn XP percentage of total XP
 D = Spawn monster count
 E = Non-spawn monster count
 F = Spawn count percentage of total count
 G = Total turns spent on level
                    A         B        C        D         E        F      G
               +---------+---------+-------+---------+---------+-------+---------
         Total |       0 |     146 |   0.0 |       0 |      66 |   0.0 |  2691
               +---------+---------+-------+---------+---------+-------+---------
           D:1 |       0 |      45 |   0.0 |       0 |      26 |   0.0 |  1521
           D:2 |       0 |      80 |   0.0 |       0 |      29 |   0.0 |   973
           D:3 |       0 |      21 |   0.0 |       0 |      11 |   0.0 |   197
               +---------+---------+-------+---------+---------+-------+---------
